 Dungeon Crawl Stone Soup version 0.30-a0-160-gcfceee88d3 (webtiles) character file.

Game seed: 1516610327435051283

152688 qw the Severer (level 17, 0/113 HPs)
             Began as a Gargoyle Fighter on Sept 27, 2022.
             Was an Elder of Okawaru.
             Constricted to death by Jorgrun (4 damage)
             ... on level 1 of the Spider Nest.
             The game lasted 00:17:08 (31652 turns).

qw the Severer (Gargoyle Fighter)                  Turns: 31652, Time: 00:17:09

Health: 0/113      AC: 51    Str: 32    XL:     17   Next: 58%
Magic:  15/15      EV: 10    Int: 21    God:    Okawaru [****..]
Gold:   779        SH: 22    Dex: 15    Spells: 16/16 levels left

rFire   x . .      SeeInvis .    D - +1 war axe (vamp)
rCold   . . .      Faith    .    e - +0 tower shield
rNeg    + + .      Spirit   .    g - +6 plate armour "Bucewk" {rF- rCorr MP-9 Int+9}
rPois   inf        Reflect  .    m - +0 helmet "Wunaeche" {Str+4}
rElec   +          Harm     .    I - +2 cloak {Stlth+}
rCorr   +          Rampage  .    j - +1 pair of gloves {Str+3}
Will    ++++.      Clarity  +    k - +0 pair of boots
Stlth   ..........               s - amulet of the Four Winds {rN+ Will+++ Clar}
HPRegen 0.28/turn                y - +4 ring of protection
MPRegen 0.14/turn                J - +6 ring of dexterity

@: about to teleport, heroic, grasped by roots, flying, slightly contaminated,
constricted
A: sickness immunity, AC +12, big wings, negative energy resistance 1,
electricity resistance, torment resistance 1, petrification resistance
a: Renounce Religion, Heroism, Finesse


You were on level 1 of the Spider Nest.
You worshipped Okawaru.
Okawaru was greatly pleased with you.
You visited 6 branches of the dungeon, and saw 27 of its levels.
You also visited: Ossuary.

You collected 2536 gold pieces.
You spent 1757 gold pieces at shops.


Innate Abilities, Weirdness & Mutations

You are immune to sickness and miasma.
Your stone body is resilient. (AC +12)
You are immune to poison.
Your large and strong wings let you fly.
You resist negative energy. (rN+)
You are resistant to electric shocks. (rElec)
You are resistant to unholy torment.
You are immune to petrification.


   Skills:
 - Level 15.0(20.0) Fighting
 - Level 16.0(21.0) Axes
 - Level 7.0(12.0) Throwing
 - Level 14.0(19.0) Armour
 - Level 6.0(11.0) Dodging
 + Level 15.2(20.2) Shields
 - Level 10.0 Invocations


You had 16 spell levels left.
You didn't know any spells.
Your spell library was empty.

Inventory:

Hand Weapons
 t - a +0 demon whip of draining
 D - a +1 vampiric war axe (weapon)
 E - a +3 broad axe of draining
Missiles
 w - a javelin (quivered)
 F - 9 boomerangs
Armour
 e - a +0 tower shield (worn)
 g - the +6 plate armour "Bucewk" (worn) {rF- rCorr MP-9 Int+9}
   (You found it on level 14 of the Dungeon)

   Int:       It affects your intelligence (+9).
   rF:        It makes you vulnerable to fire.
   MP:        It affects your magic capacity (-9).
   rCorr:     It protects you from acid and corrosion.
 j - a +1 pair of gloves of strength (worn)
 k - a +0 pair of boots (worn)
 m - the +0 helmet "Wunaeche" (worn) {Str+4}
   (Okawaru gifted it to you on level 15 of the Dungeon)

   Str:       It affects your strength (+4).
 o - the +6 scale mail of the Cursing Gods {rCorr SInv}
   (You found it on level 2 of the Dungeon)

   SInv:      It lets you see invisible.
   rCorr:     It protects you from acid and corrosion.
 q - a scarf of repulsion
 u - the +4 scale mail "Jecari" {rF+ rC- Will++ Stlth+}
   (You found it on level 3 of the Lair of Beasts)

   rF:        It protects you from fire.
   rC:        It makes you vulnerable to cold.
   Will:      It greatly increases your willpower.
   Stlth:     It makes you more stealthy.
 A - +0 ice dragon scales
 C - a +2 pair of boots
 G - a +4 plate armour
 I - a +2 cloak of stealth (worn)
Jewellery
 h - a ring of resist corrosion
 r - an amulet of reflection
 s - the amulet of the Four Winds (around neck) {rN+ Will+++ Clar}
   (You found it on level 5 of the Lair of Beasts)

   [amulet of nothing]

   rN:        It protects you from negative energy.
   Clar:      It protects you against confusion.
   Will:      It greatly increases your willpower.
 y - a +4 ring of protection (left hand)
 H - a ring of resist corrosion
 J - a +6 ring of dexterity (right hand)
Scrolls
 a - a scroll of brand weapon
 b - 6 scrolls of teleportation
 l - 10 scrolls of identify
Potions
 c - 6 potions of haste
 d - 7 potions of might
 f - 2 potions of magic
 i - 3 potions of resistance
 n - a potion of mutation
 p - a potion of heal wounds
 v - a potion of attraction
 x - 7 potions of curing
 z - 3 potions of lignification
 B - 2 potions of cancellation

Dungeon Overview and Level Annotations

Branches:
Dungeon (15/15)            Temple (1/1) D:4            Lair (5/5) D:9
  Swamp (3/4) Lair:2       Spider (1/4) Lair:3        Slime (0/5) Lair:5
    Orc (2/2) D:11            Elf (0/3) Orc:2        Vaults (0/5) D:14
 Depths (0/4) D:15        Ossuary (visited)

Altars:
Ashenzari
Cheibriados
Dithmenos
Elyvilon
Fedhas
Gozag
Hepliaklqana
Kikubaaqudgha
Makhleb
Nemelex Xobeh
Okawaru
Qazlal
Ru
Sif Muna
Trog
Uskayaw
Vehumet
Wu Jian
Xom
Yredelemnul
Zin
The Shining One
Jiyva

Shops:
D:3 :   D:9 :   D:10 (   D:14 ?   Orc:1 (   Orc:2 [==!

Annotations:
D:2 1 runed translucent door, Crazy Yiuf
Spider:1 Jorgrun


Message History

Jorgrun is moderately wounded.
You barely miss Jorgrun.
Jorgrun is moderately wounded.
Jorgrun points next to you and mumbles some strange words.
The wall shatters!
The blast of rock fragments hits you but does no damage.
The grasping roots constrict you.
The grasping roots release their grip on you.
You chop Jorgrun into pieces!!!
You feel better.
Jorgrun is heavily wounded.
Jorgrun barely misses you.
You slash Jorgrun!
You feel better.
Jorgrun is heavily wounded.
Jorgrun casts a spell at you. You resist with almost no effort.
You barely miss Jorgrun.
Jorgrun is heavily wounded.
You block Jorgrun's attack.
You slice Jorgrun!!
Jorgrun is severely wounded.
You hit Jorgrun.
You feel better.
Jorgrun is severely wounded.
You block Jorgrun's attack.
You slice Jorgrun!!
Jorgrun is almost dead.
Jorgrun gestures at you while chanting.
Roots burst forth from the earth!
The grasping roots grab you! The grasping roots constrict you.
You barely miss Jorgrun.
Jorgrun is almost dead.
Jorgrun points at you and mumbles some strange words.
The iron shot hits you!!!
Ouch! That really hurt!
The grasping roots constrict you.
31652 ||| READING 7 scrolls of teleportation.
As you read the scroll of teleportation, it crumbles to dust.
You feel strangely unstable. You block Jorgrun's attack.
The grasping roots constrict you.
You die...

#...##...#####.##..
......#..#...#.#####.
#..#..####..##..#....
#..## #.......##)..#
.. ##..#.....#..##
#####...#.#..##..##
#..#..#.###...##..#
##....####.....#..#
#%@.#.[.#..#.#.#..#
#..g..#..############
#...#.##...#
........##..##
#........##...
#...##...##.... #...
##..# .#.. #.. ...#


You could see Jorgrun.

Vanquished Creatures
  Asterion (Spider:1)
  Donald (Spider:1)
  A fenstrider witch (Swamp:1)
  Louise (Swamp:2)
  3 ghouls (Swamp:2)
  A broodmother (Spider:1)
  2 eleionomae (Swamp:3)
  A dire elephant (D:15)
  2 bunyips
  A shambling mangrove (Swamp:2)
  4 vault guards (D:14)
  A catoblepas (Lair:5)
  A hydra (shapeshifter) (D:13)
  8 hydras
  An ogre mage (D:15)
  3 ghost crabs
  5 boulder beetles
  6 centaur warriors
  14 alligators
  4 tengu warriors
  7 death yaks
  A radroach (Spider:1)
  A deep troll shaman (Lair:5)
  8 two-headed ogres
  Urug (D:13)
  6 orc high priests (Orc:2)
  2 spriggans (Swamp:2)
  5 skeletal warriors
  A steelbarb worm (Spider:1)
  3 goliath frogs
  An orb spider (Spider:1)
  7 orc knights
  2 lindwurms (Lair:1)
  7 wizards (D:10)
  4 swamp dragons
  6 bog bodies
  A lindwurm (shapeshifter) (D:13)
  A deep elf pyromancer (D:14)
  5 cyclopes
  4 oklob plants (Lair:5)
  28 ugly things
  3 wolf spiders
  10 spectral spriggans (Swamp:2)
  4 will-o-the-wisps
  4 manticores
  11 elephants
  4 gargoyles
  6 black mambas
  2 torpor snails
  14 cane toads
  An unseen horror (D:12)
  2 demonic crawlers (Spider:1)
  3 yaktaurs (D:15)
  2 efreet
  A freezing wraith (Swamp:2)
  2 kobold demonologists (D:12)
  A rime drake (Lair:5)
  7 komodo dragons
  4 tengu conjurers
  2 bloated husks (Swamp:2)
  4 trolls
  6 tyrant leeches
  4 polar bears
  A meliai (shapeshifter) (D:15)
  2 tarantellas (Spider:1)
  5 hornets (Swamp:2)
  Prince Ribbit (D:7)
  A blink frog (shapeshifter) (D:13)
  Grinder (D:5)
  A wind drake (shapeshifter) (D:13)
  3 blink frogs (Lair:2)
  9 slime creatures
  9 jumping spiders (Spider:1)
  2 culicivoras (Spider:1)
  3 wraiths
  2 shadows (D:9)
  A centaur simulacrum (D:15)
  66 yaks
  2 vampires
  9 redbacks (Spider:1)
  5 wyverns
  A basilisk (Lair:1)
  A steam dragon (D:7)
  12 vampire mosquitoes
  2 wargs
  Menkaure (D:6)
  10 swamp worms
  3 acid dragons
  10 water moccasins
  A swamp drake (Swamp:3)
  A sky beast (D:8)
  2 black bears
  45 orc warriors
  An ice beast (D:7)
  8 ogres
  A wolf (shapeshifter) (D:15)
  35 wolves
  12 centaurs
  3 kobold brigands
  12 bullfrogs
  A gnoll sergeant (D:13)
  9 scorpions
  3 wights (D:10)
  9 killer bees
  3 howler monkeys (D:10)
  2 centaur zombies (Ossuary)
  A crimson imp (D:9)
  8 hounds
  4 jellies
  24 orc priests
  A gnoll bouda (D:7)
  Jessica (D:2)
  3 human zombies (Ossuary)
  4 iguanas
  42 orc wizards
  2 mummies (Ossuary)
  6 gnolls
  5 adders
  A shadow imp (D:7)
  A white imp (D:5)
  An ufetubus (D:5)
  An adder zombie (Ossuary)
  8 worms
  A dart slug (D:4)
  87 orcs
  2 ball pythons
  7 bats
  5 endoplasms
  5 giant cockroaches
  7 goblins
  11 hobgoblins
  2 jackals (D:1)
  2 frilled lizards
  2 goblin zombies (Ossuary)
  6 hobgoblin zombies (Ossuary)
  A jackal zombie (Ossuary)
  25 kobolds
  9 kobold zombies (Ossuary)
  11 orc zombies (Ossuary)
  8 rats
  2 rat zombies
876 creatures vanquished.

Vanquished Creatures (others)
  Nessos (Lair:3)
  A centaur warrior (D:14)
  An alligator (Swamp:2)
  4 bloated husks
  A swamp drake (Swamp:1)
  21 foxfires
  7 fungi
  26 plants
62 creatures vanquished.

Grand Total: 938 creatures vanquished

Notes
Turn   | Place    | Note
-------+----------+-------------------------------------------
     0 | D:1      | qw the Gargoyle Fighter began the quest for the Orb.
     0 | D:1      | Reached XP level 1. HP: 14/14 MP: 1/1
     0 | D:1      | 0 ||| qw: Version: 0.2-a-10-g37ed214
     0 | D:1      | 0 ||| qw: Game counter: 594
     0 | D:1      | 0 ||| qw: Always use a shield: true
     0 | D:1      | 0 ||| qw: God list: Okawaru
     0 | D:1      | 0 ||| qw: Allow faded altars: false
     0 | D:1      | 0 ||| qw: Do Orc after D:15 true
     0 | D:1      | 0 ||| qw: Do second Lair branch before Depths: true
     0 | D:1      | 0 ||| qw: Lair rune preference: random
     0 | D:1      | 0 ||| qw: Plans: Normal, Zot:1-4, God:TSO, Crypt, Tomb,
                  | Pan, Slime:5, Hells, Abyss, Orb
     0 | D:1      | 0 ||| PLANNING D:1-11
    18 | D:1      | 18 ||| Stepping ~*~*~tactically~*~*~ (stealth).
    22 | D:1      | Reached skill level 2 in Axes
    54 | D:1      | 54 ||| Stepping ~*~*~tactically~*~*~ (stealth).
    92 | D:1      | 92 ||| DROPPING +2 hand axe of electrocution.
   121 | D:1      | Reached XP level 2. HP: 19/19 MP: 2/2
   151 | D:1      | Found a faded altar of an unknown god.
   499 | D:1      | 499 ||| UPGRADING to +0 pair of gloves.
   504 | D:1      | 504 ||| READING scroll labelled EGIEPSOODE.
   505 | D:1      | 505 ||| READING 2 scrolls labelled ABBIUTRUJYC.
   506 | D:1      | 506 ||| READING scroll labelled IHOLONLACRE.
   507 | D:1      | 507 ||| DRINKING 2 grey potions.
   611 | D:1      | 611 ||| DROPPING potion of berserk rage.
   631 | D:2      | Reached skill level 3 in Axes
   635 | D:2      | 635 ||| STAIRDANCE
   718 | D:2      | Reached XP level 3. HP: 23/23 MP: 3/3
   823 | D:2      | 823 ||| Stepping ~*~*~tactically~*~*~ (stealth).
  1080 | D:2      | Identified the +6 scale mail of the Cursing Gods {rCorr
                  | SInv}
  1092 | D:2      | Noticed Jessica
  1096 | D:2      | 1096 ||| Stepping ~*~*~tactically~*~*~ (hiding).
  1104 | D:2      | Killed Jessica
  1105 | D:2      | Reached XP level 4. HP: 12/28 MP: 4/4
  1310 | D:2      | Found a stormy altar of Qazlal.
  1380 | D:2      | 1380 ||| Stepping ~*~*~tactically~*~*~ (stealth).
  1421 | D:2      | Reached skill level 4 in Axes
  1697 | D:2      | Found a runed translucent door.
  1698 | D:2      | Noticed Crazy Yiuf
  1701 | D:2      | 1701 ||| UPGRADING to +0 kite shield.
  1711 | D:2      | 1711 ||| DROPPING +0 buckler.
  1712 | D:2      | 1712 ||| UPGRADING to +6 scale mail of the Cursing Gods
                  | {rCorr SInv}.
  1722 | D:2      | 1722 ||| DROPPING +0 scale mail.
  1723 | D:2      | 1723 ||| READING scroll labelled ZOS DI BITT.
  1724 | D:2      | 1724 ||| DRINKING 3 coppery potions.
  1781 | D:3      | 1781 ||| STAIRDANCE
  2061 | D:3      | 2061 ||| DROPPING +0 whip.
  2178 | D:3      | 2178 ||| Stepping ~*~*~tactically~*~*~ (stealth).
  2184 | D:3      | 2184 ||| Stepping ~*~*~tactically~*~*~ (stealth).
  2192 | D:3      | 2192 ||| Stepping ~*~*~tactically~*~*~ (stealth).
  2208 | D:3      | Found a broken altar of Ashenzari.
  2460 | D:3      | Found Vohav's Book Shoppe.
  2621 | D:4      | 2621 ||| Stepping ~*~*~tactically~*~*~ (stealth).
  2657 | D:4      | Reached XP level 5. HP: 32/32 MP: 5/5
  2735 | D:4      | Reached XP level 6. HP: 21/37 MP: 6/6
  3032 | D:4      | Found a basalt altar of Yredelemnul.
  3061 | D:4      | Found a shadowy altar of Dithmenos.
  3061 | D:4      | Found a hide-covered altar of Uskayaw.
  3181 | D:4      | Noticed a black bear
  3196 | D:4      | Killed a black bear
  3197 | D:4      | Reached skill level 5 in Axes
  3230 | D:4      | Found a staircase to the Ecumenical Temple.
  3231 | D:4      | 3231 ||| PLANNING TEMPLE
  3231 | D:4      | 3231 ||| UPGRADING to +1 cloak.
  3236 | D:4      | 3236 ||| UPGRADING to amulet of reflection.
  3241 | D:4      | 3241 ||| READING scroll labelled FOUK QORIATS.
  3242 | D:4      | 3242 ||| READING scroll labelled WEMUNO XESUGIS.
  3243 | D:4      | 3243 ||| READING scroll labelled IXIUSM ZYOMUSO.
  3244 | D:4      | 3244 ||| READING scroll labelled COMYSCHE BACAO.
  3248 | D:4      | 3248 ||| DRINKING 3 purple potions.
  3249 | D:4      | 3249 ||| READING 5 scrolls of identify.
  3249 | D:4      | 3249 ||| IDENTIFYING emerald potion
  3250 | D:4      | 3250 ||| READING 4 scrolls of identify.
  3250 | D:4      | 3250 ||| IDENTIFYING bubbling sapphire potion
  3251 | D:4      | 3251 ||| READING 3 scrolls of identify.
  3251 | D:4      | 3251 ||| IDENTIFYING bubbling golden potion
  3252 | D:4      | 3252 ||| READING 2 scrolls of identify.
  3252 | D:4      | 3252 ||| IDENTIFYING fuming green potion
  3253 | D:4      | 3253 ||| DROPPING potion of flight.
  3254 | D:4      | 3254 ||| DROPPING potion of degeneration.
  3255 | D:4      | 3255 ||| DROPPING 2 potions of brilliance.
  3256 | D:4      | 3256 ||| DROPPING potion of invisibility.
  3303 | Temple   | Entered the Ecumenical Temple
  3325 | Temple   | 3325 ||| PLANNING OKAWARU WORSHIP
  3345 | Temple   | Became a worshipper of Warmaster Okawaru
  3346 | Temple   | 3346 ||| PLANNING D:1-11
  3658 | D:5      | Entered Level 5 of the Dungeon
  3660 | D:5      | Noticed Grinder
  3673 | D:5      | Paralysed by Grinder for 3 turns
  3681 | D:5      | 3681 ||| DRINKING 2 potions of curing.
  3681 | D:5      | 3681 ||| (to cure confusion)
  3683 | D:5      | Reached XP level 7. HP: 43/43 MP: 7/7
  3686 | D:5      | Reached skill level 1 in Dodging
  3686 | D:5      | Killed Grinder
  3859 | D:5      | Reached skill level 6 in Axes
  4133 | D:5      | Reached skill level 6 in Shields
  4313 | D:5      | Reached * piety under Okawaru
  4314 | D:5      | Reached XP level 8. HP: 48/48 MP: 8/8
  4355 | D:5      | 4355 ||| INVOKING Heroism.
  4545 | D:5      | 4545 ||| READING 2 scrolls of identify.
  4545 | D:5      | 4545 ||| IDENTIFYING smoky clear potion
  4595 | D:6      | 4595 ||| Stepping ~*~*~tactically~*~*~ (stealth).
  4610 | D:6      | 4610 ||| Stepping ~*~*~tactically~*~*~ (stealth).
  4612 | D:6      | 4612 ||| Stepping ~*~*~tactically~*~*~ (hiding).
  4620 | D:6      | 4620 ||| INVOKING Heroism.
  4621 | D:6      | 4621 ||| INVOKING Heroism.
  4631 | D:6      | 4631 ||| INVOKING Heroism.
  4633 | D:6      | Reached skill level 7 in Axes
  4633 | D:6      | Reached skill level 1 in Invocations
  4678 | D:6      | Found a white marble altar of Elyvilon.
  4790 | D:6      | 4790 ||| INVOKING Heroism.
  4803 | D:6      | Reached skill level 3 in Invocations
  4835 | D:6      | 4835 ||| DROPPING +0 flail.
  4925 | D:6      | 4925 ||| INVOKING Heroism.
  5026 | D:6      | 5026 ||| Stepping ~*~*~tactically~*~*~ (hiding).
  5032 | D:6      | 5032 ||| INVOKING Heroism.
  5199 | D:6      | Noticed Menkaure
  5200 | D:6      | 5200 ||| FLEEEEING.
  5207 | D:6      | 5207 ||| INVOKING Heroism.
  5217 | D:6      | Killed Menkaure
  5237 | D:6      | 5237 ||| Stepping ~*~*~tactically~*~*~ (stealth).
  5534 | D:6      | Reached XP level 9. HP: 54/54 MP: 12/12
  5542 | D:6      | 5542 ||| DRINKING 2 potions of curing.
  5542 | D:6      | 5542 ||| (to cure confusion)
  5580 | D:6      | Found an ancient bone altar of Kikubaaqudgha.
  5776 | D:6      | 5776 ||| READING scroll labelled JEUDINNUSM.
  5777 | D:6      | 5777 ||| READING scroll labelled BOHETW BUALIOS.
  5778 | D:6      | 5778 ||| READING scroll labelled ISEIS JAMUO.
  5779 | D:6      | 5779 ||| DRINKING 2 blue potions.
  5780 | D:6      | 5780 ||| READING 2 scrolls of identify.
  5780 | D:6      | 5780 ||| IDENTIFYING green potion
  5813 | D:7      | 5813 ||| PLANNING OSSUARY
  5825 | D:7      | 5825 ||| Stepping ~*~*~tactically~*~*~ (hiding).
  5901 | D:7      | 5901 ||| Stepping ~*~*~tactically~*~*~ (stealth).
  5902 | D:7      | 5902 ||| Stepping ~*~*~tactically~*~*~ (stealth).
  5904 | D:7      | 5904 ||| INVOKING Heroism.
  5906 | D:7      | 5906 ||| Stepping ~*~*~tactically~*~*~ (stealth).
  5914 | D:7      | 5914 ||| STAIRDANCE
  5929 | D:7      | 5929 ||| INVOKING Heroism.
  6006 | D:7      | Found an opulent altar of Gozag.
  6097 | D:7      | 6097 ||| INVOKING Heroism.
  6112 | D:7      | Reached skill level 8 in Axes
  6153 | D:7      | Found a sand-covered staircase.
  6154 | D:7      | 6154 ||| DROPPING ring of wizardry.
  6155 | D:7      | 6155 ||| READING scroll labelled LYGEQAR LARPHOO.
  6163 | Ossuary  | Entered an ossuary
  6177 | Ossuary  | 6177 ||| INVOKING Heroism.
  6372 | Ossuary  | 6372 ||| INVOKING Heroism.
  6393 | Ossuary  | 6393 ||| INVOKING Heroism.
  6412 | Ossuary  | Reached skill level 6 in Fighting
  6707 | D:7      | 6707 ||| PLANNING D:1-11
  6750 | D:7      | 6750 ||| INVOKING Heroism.
  6803 | D:7      | 6803 ||| Stepping ~*~*~tactically~*~*~ (stealth).
  6811 | D:7      | 6811 ||| Stepping ~*~*~tactically~*~*~ (stealth).
  6812 | D:7      | 6812 ||| Stepping ~*~*~tactically~*~*~ (stealth).
  6825 | D:7      | 6825 ||| Stepping ~*~*~tactically~*~*~ (stealth).
  6826 | D:7      | 6826 ||| INVOKING Heroism.
  6889 | D:7      | 6889 ||| INVOKING Heroism.
  7025 | D:7      | Noticed Prince Ribbit
  7026 | D:7      | 7026 ||| INVOKING Heroism.
  7027 | D:7      | 7027 ||| Stepping ~*~*~tactically~*~*~ (cloud).
  7029 | D:7      | 7029 ||| Stepping ~*~*~tactically~*~*~ (hiding).
  7030 | D:7      | 7030 ||| Stepping ~*~*~tactically~*~*~ (hiding).
  7038 | D:7      | 7038 ||| Stepping ~*~*~tactically~*~*~ (cloud).
  7282 | D:7      | 7282 ||| INVOKING Heroism.
  7291 | D:7      | Killed Prince Ribbit
  7291 | D:7      | Reached ** piety under Okawaru
  7575 | D:8      | 7575 ||| INVOKING Heroism.
  7576 | D:8      | 7576 ||| STAIRDANCE
  7581 | D:7      | Reached skill level 9 in Axes
  7793 | D:8      | Found a bloodstained altar of Trog.
  7795 | D:8      | 7795 ||| Stepping ~*~*~tactically~*~*~ (stealth).
  7797 | D:8      | 7797 ||| INVOKING Heroism.
  7992 | D:8      | 7992 ||| READING scroll labelled XADIUKHLIRI.
  8067 | D:8      | 8067 ||| STAIRDANCE
  8131 | D:9      | Found a staircase to the Lair.
  8188 | D:9      | 8188 ||| Stepping ~*~*~tactically~*~*~ (stealth).
  8203 | D:9      | Reached XP level 10. HP: 56/63 MP: 13/13
  8217 | D:9      | 8217 ||| Stepping ~*~*~tactically~*~*~ (stealth).
  8244 | D:9      | 8244 ||| INVOKING Heroism.
  8316 | D:9      | Reached skill level 9 in Shields
  8352 | D:9      | 8352 ||| Stepping ~*~*~tactically~*~*~ (stealth).
  8362 | D:9      | 8362 ||| DRINKING 3 potions of curing.
  8362 | D:9      | 8362 ||| (to cure confusion)
  8379 | D:9      | 8379 ||| DRINKING 2 potions of curing.
  8379 | D:9      | 8379 ||| (to cure confusion)
  8409 | D:9      | 8409 ||| Stepping ~*~*~tactically~*~*~ (hiding).
  8450 | D:9      | 8450 ||| Stepping ~*~*~tactically~*~*~ (stealth).
  8451 | D:9      | 8451 ||| Stepping ~*~*~tactically~*~*~ (stealth).
  8500 | D:9      | 8500 ||| Stepping ~*~*~tactically~*~*~ (stealth).
  8501 | D:9      | 8501 ||| Stepping ~*~*~tactically~*~*~ (stealth).
  8503 | D:9      | 8503 ||| Stepping ~*~*~tactically~*~*~ (hiding).
  8548 | D:9      | 8548 ||| Stepping ~*~*~tactically~*~*~ (hiding).
  8695 | D:9      | 8695 ||| Stepping ~*~*~tactically~*~*~ (hiding).
  8803 | D:9      | Found a snail-covered altar of Cheibriados.
  8921 | D:9      | 8921 ||| Stepping ~*~*~tactically~*~*~ (stealth).
  9014 | D:9      | Found Isitat's Book Shoppe.
  9076 | D:9      | 9076 ||| INVOKING Heroism.
  9140 | D:9      | Found a burning altar of Makhleb.
  9141 | D:9      | Found a shimmering altar of Xom.
  9221 | D:9      | 9221 ||| PLANNING LAIR
  9221 | D:9      | 9221 ||| READING scroll labelled DOORAU IKAA.
  9327 | D:9      | 9327 ||| DRINKING potion of curing.
  9327 | D:9      | 9327 ||| (to cure confusion)
  9336 | D:9      | 9336 ||| INVOKING Heroism.
  9353 | D:9      | Reached *** piety under Okawaru
  9354 | D:9      | Reached skill level 10 in Axes
  9504 | Lair:1   | Entered Level 1 of the Lair of Beasts
  9505 | Lair:1   | 9505 ||| INVOKING Heroism.
  9534 | Lair:1   | Reached **** piety under Okawaru
  9606 | Lair:1   | 9606 ||| Stepping ~*~*~tactically~*~*~ (stealth).
  9621 | Lair:1   | 9621 ||| Stepping ~*~*~tactically~*~*~ (stealth).
  9626 | Lair:1   | 9626 ||| INVOKING Heroism.
  9631 | Lair:1   | Reached XP level 11. HP: 69/69 MP: 11/14
  9668 | Lair:1   | Identified the +1 ring mail of the Bulwark {Regen+ Int+7
                  | Dex+4 Slay-5}
  9699 | Lair:1   | 9699 ||| INVOKING Heroism.
  9719 | Lair:1   | 9719 ||| INVOKING Heroism.
  9727 | Lair:1   | Reached skill level 6 in Invocations
  9774 | Lair:1   | 9774 ||| INVOKING Heroism.
  9775 | Lair:1   | 9775 ||| Stepping ~*~*~tactically~*~*~ (water).
  9791 | Lair:1   | Reached skill level 11 in Axes
  9807 | Lair:1   | 9807 ||| INVOKING Heroism.
  9838 | Lair:1   | 9838 ||| INVOKING Heroism.
  9876 | Lair:1   | Noticed a lindwurm
  9877 | Lair:1   | 9877 ||| INVOKING Heroism.
  9891 | Lair:1   | Killed a lindwurm
  9891 | Lair:1   | Reached ***** piety under Okawaru
  9897 | Lair:1   | 9897 ||| Stepping ~*~*~tactically~*~*~ (stealth).
  9898 | Lair:1   | 9898 ||| Stepping ~*~*~tactically~*~*~ (stealth).
  9903 | Lair:1   | 9903 ||| Stepping ~*~*~tactically~*~*~ (stealth).
  9905 | Lair:1   | 9905 ||| Stepping ~*~*~tactically~*~*~ (stealth).
  9913 | Lair:1   | Noticed a lindwurm
  9914 | Lair:1   | 9914 ||| INVOKING Heroism.
  9928 | Lair:1   | Killed a lindwurm
 10417 | Lair:1   | 10417 ||| UPGRADING to +0 pair of boots.
 10422 | Lair:1   | 10422 ||| UPGRADING to ring of willpower.
 10423 | Lair:1   | 10423 ||| READING scroll labelled GAURAQICSAAD.
 10424 | Lair:1   | 10424 ||| READING 8 scrolls of identify.
 10424 | Lair:1   | 10424 ||| IDENTIFYING viscous cyan potion
 10425 | Lair:1   | 10425 ||| DROPPING potion of ambrosia.
 10454 | Lair:2   | 10454 ||| INVOKING Heroism.
 10456 | Lair:2   | 10456 ||| Stepping ~*~*~tactically~*~*~ (stealth).
 10496 | Lair:2   | 10496 ||| INVOKING Heroism.
 10509 | Lair:2   | Reached skill level 9 in Fighting
 10511 | Lair:2   | Reached XP level 12. HP: 76/76 MP: 16/18
 10515 | Lair:2   | Reached skill level 9 in Invocations
 10541 | Lair:2   | 10541 ||| INVOKING Heroism.
 10566 | Lair:2   | Received a gift from Okawaru
 10583 | Lair:2   | 10583 ||| INVOKING Heroism.
 10623 | Lair:2   | 10623 ||| Stepping ~*~*~tactically~*~*~ (stealth).
 10645 | Lair:2   | 10645 ||| DROPPING +0 morningstar.
 10648 | Lair:2   | Found a staircase to the Swamp.
 10671 | Lair:2   | 10671 ||| Stepping ~*~*~tactically~*~*~ (stealth).
 10798 | Lair:2   | 10798 ||| INVOKING Heroism.
 11079 | Lair:2   | 11079 ||| INVOKING Heroism.
 11267 | Lair:2   | 11267 ||| Stepping ~*~*~tactically~*~*~ (stealth).
 11268 | Lair:2   | 11268 ||| Stepping ~*~*~tactically~*~*~ (stealth).
 11269 | Lair:2   | 11269 ||| Stepping ~*~*~tactically~*~*~ (stealth).
 11270 | Lair:2   | 11270 ||| Stepping ~*~*~tactically~*~*~ (stealth).
 11272 | Lair:2   | 11272 ||| INVOKING Heroism.
 11279 | Lair:2   | Reached skill level 12 in Axes
 11418 | Lair:2   | 11418 ||| READING 9 scrolls of identify.
 11418 | Lair:2   | 11418 ||| IDENTIFYING metallic yellow potion
 11657 | Lair:3   | Found a hole to the Spider Nest.
 11750 | Lair:3   | Reached skill level 6 in Armour
 11863 | Lair:3   | Identified the +4 scale mail "Jecari" {rF+ rC- Will++
                  | Stlth+}
 11871 | Lair:3   | 11871 ||| Stepping ~*~*~tactically~*~*~ (stealth).
 11872 | Lair:3   | 11872 ||| Stepping ~*~*~tactically~*~*~ (stealth).
 11873 | Lair:3   | 11873 ||| Stepping ~*~*~tactically~*~*~ (stealth).
 11942 | Lair:3   | 11942 ||| READING scroll of enchant armour.
 11942 | Lair:3   | 11942 ||| ENCHANTING +0 pair of gloves.
 11955 | Lair:3   | Noticed Nessos
 11956 | Lair:3   | 11956 ||| INVOKING Finesse.
 11963 | Lair:3   | 11963 ||| INVOKING Heroism.
 11970 | Lair:3   | Killed Nessos
 12176 | Lair:3   | Noticed a boulder beetle
 12181 | Lair:3   | 12181 ||| INVOKING Heroism.
 12182 | Lair:3   | 12182 ||| INVOKING Finesse.
 12232 | Lair:3   | Killed a boulder beetle
 12350 | Lair:3   | 12350 ||| DROPPING amulet of magic regeneration.
 12424 | Lair:4   | 12424 ||| INVOKING Heroism.
 12446 | Lair:4   | 12446 ||| INVOKING Heroism.
 12475 | Lair:4   | 12475 ||| Stepping ~*~*~tactically~*~*~ (stealth).
 12480 | Lair:4   | 12480 ||| Stepping ~*~*~tactically~*~*~ (stealth).
 12483 | Lair:4   | 12483 ||| Stepping ~*~*~tactically~*~*~ (stealth).
 12572 | Lair:4   | 12572 ||| Stepping ~*~*~tactically~*~*~ (stealth).
 12573 | Lair:4   | 12573 ||| INVOKING Heroism.
 12581 | Lair:4   | Received a gift from Okawaru
 12609 | Lair:4   | Reached XP level 13. HP: 77/82 MP: 20/20
 12924 | Lair:4   | 12924 ||| INVOKING Heroism.
 12931 | Lair:4   | Reached skill level 1 in Throwing
 13094 | Lair:4   | 13094 ||| INVOKING Heroism.
 13095 | Lair:4   | 13095 ||| SWAPPING to +0 demon whip of draining.
 13096 | Lair:4   | 13096 ||| INVOKING Finesse.
 13103 | Lair:4   | 13103 ||| SWAPPING to +0 vampiric war axe.
 13336 | Lair:4   | 13336 ||| INVOKING Heroism.
 13337 | Lair:4   | 13337 ||| INVOKING Finesse.
 13490 | Lair:4   | 13490 ||| DROPPING +0 plate armour.
 13491 | Lair:4   | 13491 ||| READING scroll labelled BALE OMEA.
 13524 | Lair:5   | Entered Level 5 of the Lair of Beasts
 13525 | Lair:5   | 13525 ||| INVOKING Heroism.
 13527 | Lair:5   | 13527 ||| STAIRDANCE
 13531 | Lair:4   | Reached skill level 13 in Axes
 13539 | Lair:5   | 13539 ||| STAIRDANCE
 13563 | Lair:5   | 13563 ||| STAIRDANCE
 13565 | Lair:4   | 13565 ||| INVOKING Finesse.
 13602 | Lair:5   | 13602 ||| STAIRDANCE
 13604 | Lair:4   | 13604 ||| INVOKING Heroism.
 13634 | Lair:5   | 13634 ||| STAIRDANCE
 13653 | Lair:5   | 13653 ||| STAIRDANCE
 13724 | Lair:5   | Found the amulet of the Four Winds {rN+ Will+++ Clar}
 13755 | Lair:5   | Identified the +1 leather armour of the Pink Corner {Drain
                  | Dex+9}
 13792 | Lair:5   | 13792 ||| INVOKING Heroism.
 13862 | Lair:5   | 13862 ||| INVOKING Heroism.
 13872 | Lair:5   | Reached skill level 14 in Axes
 13951 | Lair:5   | 13951 ||| INVOKING Heroism.
 13967 | Lair:5   | 13967 ||| Stepping ~*~*~tactically~*~*~ (stealth).
 13989 | Lair:5   | 13989 ||| Stepping ~*~*~tactically~*~*~ (stealth).
 14069 | Lair:5   | 14069 ||| INVOKING Heroism.
 14070 | Lair:5   | 14070 ||| INVOKING Finesse.
 14161 | Lair:5   | 14161 ||| Stepping ~*~*~tactically~*~*~ (stealth).
 14163 | Lair:5   | 14163 ||| INVOKING Heroism.
 14164 | Lair:5   | 14164 ||| INVOKING Finesse.
 14182 | Lair:5   | 14182 ||| SWAPPING to +0 demon whip of draining.
 14183 | Lair:5   | 14183 ||| SWAPPING to +0 vampiric war axe.
 14185 | Lair:5   | 14185 ||| SWAPPING to +0 demon whip of draining.
 14192 | Lair:5   | 14192 ||| SWAPPING to +0 vampiric war axe.
 14247 | Lair:5   | 14247 ||| INVOKING Heroism.
 14268 | Lair:5   | Reached skill level 3 in Dodging
 14328 | Lair:5   | 14328 ||| INVOKING Heroism.
 14334 | Lair:5   | 14334 ||| INVOKING Finesse.
 14342 | Lair:5   | 14342 ||| SWAPPING to +0 demon whip of draining.
 14353 | Lair:5   | 14353 ||| SWAPPING to +0 vampiric war axe.
 14408 | Lair:5   | 14408 ||| INVOKING Heroism.
 14409 | Lair:5   | 14409 ||| INVOKING Finesse.
 14410 | Lair:5   | Found a staircase to the Slime Pits.
 14411 | Lair:5   | Found a viscous altar of Jiyva.
 14439 | Lair:5   | Reached skill level 12 in Shields
 14460 | Lair:5   | Gained mutation: Your large and strong wings let you fly.
                  | [Gargoyle growth]
 14460 | Lair:5   | Reached XP level 14. HP: 79/90 MP: 17/21
 14672 | Lair:5   | 14672 ||| INVOKING Heroism.
 14925 | Lair:5   | Received a gift from Okawaru
 14927 | Lair:5   | 14927 ||| DROPPING +0 war axe of venom.
 14940 | Lair:5   | 14940 ||| PLANNING D:1-11
 14940 | Lair:5   | 14940 ||| UPGRADING to amulet of the Four Winds {rN+
                  | Will+++ Clar}.
 14950 | Lair:5   | 14950 ||| REMOVING ring of willpower.
 14951 | Lair:5   | 14951 ||| READING 9 scrolls of identify.
 14951 | Lair:5   | 14951 ||| IDENTIFYING glowing dark potion
 15088 | D:10     | Entered Level 10 of the Dungeon
 15115 | D:10     | 15115 ||| Stepping ~*~*~tactically~*~*~ (stealth).
 15116 | D:10     | 15116 ||| Stepping ~*~*~tactically~*~*~ (stealth).
 15119 | D:10     | 15119 ||| Stepping ~*~*~tactically~*~*~ (stealth).
 15120 | D:10     | 15120 ||| Stepping ~*~*~tactically~*~*~ (stealth).
 15123 | D:10     | 15123 ||| Stepping ~*~*~tactically~*~*~ (stealth).
 15234 | D:10     | Found Otakkun's Weapon Shoppe.
 15508 | D:10     | Identified the +5 shortbow of Offence {freeze, rPois Str-2
                  | SInv}
 15539 | D:10     | 15539 ||| INVOKING Heroism.
 15681 | D:10     | 15681 ||| Stepping ~*~*~tactically~*~*~ (hiding).
 15683 | D:10     | 15683 ||| Stepping ~*~*~tactically~*~*~ (hiding).
 15692 | D:10     | Reached skill level 15 in Axes
 15730 | D:10     | 15730 ||| Stepping ~*~*~tactically~*~*~ (stealth).
 15732 | D:10     | 15732 ||| Stepping ~*~*~tactically~*~*~ (stealth).
 15734 | D:10     | 15734 ||| Stepping ~*~*~tactically~*~*~ (stealth).
 15736 | D:10     | 15736 ||| Stepping ~*~*~tactically~*~*~ (stealth).
 15738 | D:10     | 15738 ||| INVOKING Heroism.
 15825 | D:10     | Found the +3 warlock's mirror {reflect}
 15838 | D:10     | Reached skill level 12 in Fighting
 16339 | D:11     | 16339 ||| Stepping ~*~*~tactically~*~*~ (hiding).
 16348 | D:11     | 16348 ||| INVOKING Heroism.
 16409 | D:11     | 16409 ||| Stepping ~*~*~tactically~*~*~ (hiding).
 16411 | D:11     | 16411 ||| Stepping ~*~*~tactically~*~*~ (hiding).
 16444 | D:11     | 16444 ||| Stepping ~*~*~tactically~*~*~ (stealth).
 16449 | D:11     | Received a gift from Okawaru
 16450 | D:11     | 16450 ||| Stepping ~*~*~tactically~*~*~ (stealth).
 16455 | D:11     | 16455 ||| Stepping ~*~*~tactically~*~*~ (stealth).
 16517 | D:11     | 16517 ||| INVOKING Heroism.
 16536 | D:11     | Identified the +1 ring mail of Shadows and Fog {rPois}
                  | (Okawaru gifted it to you on level 11 of the Dungeon)
 16536 | D:11     | Received a gift from Okawaru
 16634 | D:11     | Found a staircase to the Orcish Mines.
 16690 | D:11     | You are sucked into a shaft and drop 1 floor!
 16766 | D:11     | 16766 ||| Stepping ~*~*~tactically~*~*~ (hiding).
 16884 | D:11     | 16884 ||| INVOKING Heroism.
 16889 | D:11     | 16889 ||| READING 9 scrolls of teleportation.
 17261 | D:11     | 17261 ||| INVOKING Heroism.
 17405 | D:11     | 17405 ||| PLANNING D
 17405 | D:11     | 17405 ||| UPGRADING to +4 ring of protection.
 17463 | D:12     | 17463 ||| Stepping ~*~*~tactically~*~*~ (stealth).
 17465 | D:12     | 17465 ||| INVOKING Heroism.
 17622 | D:12     | 17622 ||| INVOKING Heroism.
 17623 | D:12     | 17623 ||| INVOKING Finesse.
 17692 | D:12     | 17692 ||| Stepping ~*~*~tactically~*~*~ (hiding).
 17694 | D:12     | 17694 ||| Stepping ~*~*~tactically~*~*~ (hiding).
 17813 | D:12     | 17813 ||| INVOKING Heroism.
 17814 | D:12     | 17814 ||| INVOKING Finesse.
 18029 | D:12     | 18029 ||| Stepping ~*~*~tactically~*~*~ (hiding).
 18040 | D:12     | 18040 ||| INVOKING Heroism.
 18066 | D:12     | 18066 ||| Stepping ~*~*~tactically~*~*~ (stealth).
 18067 | D:12     | 18067 ||| Stepping ~*~*~tactically~*~*~ (stealth).
 18072 | D:12     | 18072 ||| Stepping ~*~*~tactically~*~*~ (stealth).
 18079 | D:12     | 18079 ||| Stepping ~*~*~tactically~*~*~ (stealth).
 18080 | D:12     | 18080 ||| Stepping ~*~*~tactically~*~*~ (stealth).
 18091 | D:12     | 18091 ||| Stepping ~*~*~tactically~*~*~ (stealth).
 18092 | D:12     | 18092 ||| Stepping ~*~*~tactically~*~*~ (stealth).
 18094 | D:12     | 18094 ||| Stepping ~*~*~tactically~*~*~ (stealth).
 18112 | D:12     | 18112 ||| Stepping ~*~*~tactically~*~*~ (stealth).
 18116 | D:12     | 18116 ||| Stepping ~*~*~tactically~*~*~ (stealth).
 18155 | D:12     | 18155 ||| Stepping ~*~*~tactically~*~*~ (stealth).
 18171 | D:12     | 18171 ||| INVOKING Heroism.
 18348 | D:12     | 18348 ||| Stepping ~*~*~tactically~*~*~ (hiding).
 18351 | D:12     | 18351 ||| INVOKING Heroism.
 18420 | D:12     | 18420 ||| READING 9 scrolls of identify.
 18420 | D:12     | 18420 ||| IDENTIFYING fuming purple potion
 18458 | D:13     | 18458 ||| Stepping ~*~*~tactically~*~*~ (hiding).
 18463 | D:13     | 18463 ||| INVOKING Heroism.
 18512 | D:13     | HP: 12/92 [skeletal warrior/+0 battleaxe (21)]
 18513 | D:13     | 18513 ||| READING 8 scrolls of teleportation.
 18514 | D:13     | 18514 ||| DRINKING 4 potions of heal wounds.
 18517 | D:13     | Reached skill level 16 in Axes
 18518 | D:13     | 18518 ||| FLEEEEING.
 18519 | D:13     | 18519 ||| FLEEEEING.
 18520 | D:13     | 18520 ||| FLEEEEING.
 18521 | D:13     | 18521 ||| FLEEEEING.
 18522 | D:13     | 18522 ||| FLEEEEING.
 18523 | D:13     | 18523 ||| FLEEEEING.
 18524 | D:13     | 18524 ||| FLEEEEING.
 18525 | D:13     | 18525 ||| STAIRDANCE
 18726 | D:13     | 18726 ||| INVOKING Heroism.
 18727 | D:13     | 18727 ||| SWAPPING to +0 demon whip of draining.
 18728 | D:13     | 18728 ||| INVOKING Finesse.
 18743 | D:13     | 18743 ||| SWAPPING to +0 vampiric war axe.
 18906 | D:13     | 18906 ||| Stepping ~*~*~tactically~*~*~ (stealth).
 18918 | D:13     | 18918 ||| INVOKING Heroism.
 18937 | D:13     | HP: 17/92 [white ugly thing (12)]
 18938 | D:13     | 18938 ||| READING 8 scrolls of teleportation.
 18939 | D:13     | 18939 ||| DRINKING 3 potions of heal wounds.
 18983 | D:13     | 18983 ||| INVOKING Heroism.
 19234 | D:13     | 19234 ||| Stepping ~*~*~tactically~*~*~ (stealth).
 19235 | D:13     | 19235 ||| Stepping ~*~*~tactically~*~*~ (stealth).
 19237 | D:13     | 19237 ||| INVOKING Heroism.
 19430 | D:13     | 19430 ||| INVOKING Heroism.
 19436 | D:13     | Reached XP level 15. HP: 91/96 MP: 19/22
 19475 | D:13     | 19475 ||| INVOKING Heroism.
 19481 | D:13     | 19481 ||| INVOKING Finesse.
 19489 | D:13     | 19489 ||| SWAPPING to +0 demon whip of draining.
 19526 | D:13     | 19526 ||| SWAPPING to +0 vampiric war axe.
 19671 | D:13     | Noticed Urug
 19672 | D:13     | 19672 ||| INVOKING Heroism.
 19673 | D:13     | 19673 ||| INVOKING Finesse.
 19690 | D:13     | Killed Urug
 19720 | D:13     | 19720 ||| SWAPPING to +1 vampiric war axe.
 19721 | D:13     | 19721 ||| DROPPING +0 vampiric war axe.
 19745 | D:13     | 19745 ||| INVOKING Heroism.
 19768 | D:13     | Reached skill level 3 in Throwing
 19796 | D:13     | 19796 ||| INVOKING Heroism.
 20121 | D:13     | 20121 ||| Stepping ~*~*~tactically~*~*~ (stealth).
 20239 | D:13     | 20239 ||| INVOKING Heroism.
 20240 | D:13     | 20240 ||| SWAPPING to +0 demon whip of draining.
 20241 | D:13     | 20241 ||| INVOKING Finesse.
 20250 | D:13     | 20250 ||| SWAPPING to +1 vampiric war axe.
 20702 | D:13     | 20702 ||| UPGRADING to +1 kite shield of protection.
 20712 | D:13     | 20712 ||| DROPPING +0 kite shield.
 20733 | D:14     | Identified the +6 plate armour "Bucewk" {rF- rCorr MP-9
                  | Int+9}
 20756 | D:14     | 20756 ||| Stepping ~*~*~tactically~*~*~ (stealth).
 20792 | D:14     | Found a gate to the Vaults.
 20793 | D:14     | 20793 ||| INVOKING Heroism.
 20849 | D:14     | 20849 ||| INVOKING Heroism.
 20860 | D:14     | HP: 23/97 [centaur warrior/arrow (14)]
 20861 | D:14     | 20861 ||| READING 7 scrolls of teleportation.
 20862 | D:14     | 20862 ||| DRINKING 2 potions of heal wounds.
 20872 | D:14     | 20872 ||| INVOKING Heroism.
 21254 | D:14     | 21254 ||| INVOKING Heroism.
 21273 | D:14     | Reached skill level 9 in Armour
 21286 | D:14     | Identified the +6 executioner's axe "Vyec" {speed, rPois
                  | MP+9} (Okawaru gifted it to you on level 14 of the Dungeon)
 21286 | D:14     | Received a gift from Okawaru
 21305 | D:14     | 21305 ||| INVOKING Heroism.
 21418 | D:14     | Found Owixix's Magic Scroll Shoppe.
 21428 | D:14     | 21428 ||| FLEEEEING.
 21429 | D:14     | 21429 ||| FLEEEEING.
 21430 | D:14     | 21430 ||| FLEEEEING.
 21431 | D:14     | 21431 ||| FLEEEEING.
 21432 | D:14     | 21432 ||| FLEEEEING.
 21440 | D:14     | 21440 ||| INVOKING Heroism.
 21445 | D:14     | Reached skill level 6 in Throwing
 21466 | D:14     | HP: 18/98 [skeletal warrior/+1 trident of venom (11)]
 21467 | D:14     | 21467 ||| READING 6 scrolls of teleportation.
 21468 | D:14     | 21468 ||| DRINKING potion of heal wounds.
 21551 | D:14     | 21551 ||| Stepping ~*~*~tactically~*~*~ (stealth).
 21694 | D:14     | 21694 ||| Stepping ~*~*~tactically~*~*~ (stealth).
 21738 | D:14     | 21738 ||| INVOKING Heroism.
 21926 | D:14     | 21926 ||| INVOKING Heroism.
 22348 | D:14     | 22348 ||| INVOKING Heroism.
 22511 | D:14     | Found a glowing golden altar of the Shining One.
 22512 | D:14     | Found a glowing silver altar of Zin.
 22514 | D:14     | Found a white marble altar of Elyvilon.
 22545 | D:14     | 22545 ||| UPGRADING to +6 plate armour "Bucewk" {rF- rCorr
                  | MP-9 Int+9}.
 22574 | D:15     | Entered Level 15 of the Dungeon
 22575 | D:15     | 22575 ||| STAIRDANCE
 22593 | D:15     | 22593 ||| INVOKING Heroism.
 22605 | D:15     | Identified the +0 helmet "Wunaeche" {Str+4} (Okawaru gifted
                  | it to you on level 15 of the Dungeon)
 22605 | D:15     | Received a gift from Okawaru
 22679 | D:15     | 22679 ||| Stepping ~*~*~tactically~*~*~ (stealth).
 22694 | D:15     | 22694 ||| Stepping ~*~*~tactically~*~*~ (stealth).
 22705 | D:15     | 22705 ||| Stepping ~*~*~tactically~*~*~ (stealth).
 22707 | D:15     | 22707 ||| INVOKING Heroism.
 22784 | D:15     | Reached XP level 16. HP: 82/104 MP: 14/23
 22800 | D:15     | 22800 ||| FLEEEEING.
 22873 | D:15     | 22873 ||| INVOKING Heroism.
 22931 | D:15     | 22931 ||| INVOKING Heroism.
 22938 | D:15     | 22938 ||| Stepping ~*~*~tactically~*~*~ (hiding).
 22942 | D:15     | 22942 ||| Stepping ~*~*~tactically~*~*~ (hiding).
 22999 | D:15     | 22999 ||| DROPPING +0 broad axe.
 23034 | D:15     | 23034 ||| Stepping ~*~*~tactically~*~*~ (hiding).
 23077 | D:15     | 23077 ||| INVOKING Heroism.
 23105 | D:15     | Found a staircase to the Depths.
 23144 | D:15     | 23144 ||| INVOKING Heroism.
 23179 | D:15     | Reached skill level 12 in Armour
 23266 | D:15     | 23266 ||| Stepping ~*~*~tactically~*~*~ (stealth).
 23365 | D:15     | 23365 ||| INVOKING Heroism.
 23366 | D:15     | 23366 ||| SWAPPING to +0 demon whip of draining.
 23367 | D:15     | 23367 ||| INVOKING Finesse.
 23374 | D:15     | 23374 ||| SWAPPING to +1 vampiric war axe.
 23525 | D:15     | 23525 ||| Stepping ~*~*~tactically~*~*~ (hiding).
 23529 | D:15     | 23529 ||| Stepping ~*~*~tactically~*~*~ (hiding).
 23530 | D:15     | 23530 ||| Stepping ~*~*~tactically~*~*~ (hiding).
 23684 | D:15     | 23684 ||| INVOKING Heroism.
 23700 | D:15     | Found an iron altar of Okawaru.
 23842 | D:15     | 23842 ||| PLANNING ORC
 23842 | D:15     | 23842 ||| UPGRADING to +0 helmet "Wunaeche" {Str+4}.
 23847 | D:15     | 23847 ||| DROPPING amulet of guardian spirit.
 23848 | D:15     | 23848 ||| READING scroll labelled XYS HEAPNO.
 23949 | D:15     | 23949 ||| READING 11 scrolls of identify.
 23949 | D:15     | 23949 ||| IDENTIFYING glowing blue potion
 23969 | D:15     | 23969 ||| FLEEEEING.
 23970 | D:15     | 23970 ||| FLEEEEING.
 23971 | D:15     | 23971 ||| FLEEEEING.
 23972 | D:15     | 23972 ||| FLEEEEING.
 23973 | D:15     | 23973 ||| FLEEEEING.
 23974 | D:15     | 23974 ||| FLEEEEING.
 23975 | D:15     | 23975 ||| FLEEEEING.
 23987 | D:15     | 23987 ||| FLEEEEING.
 23988 | D:15     | 23988 ||| FLEEEEING.
 23989 | D:15     | 23989 ||| FLEEEEING.
 23990 | D:15     | 23990 ||| FLEEEEING.
 23991 | D:15     | 23991 ||| FLEEEEING.
 23992 | D:15     | 23992 ||| FLEEEEING.
 23998 | D:15     | 23998 ||| FLEEEEING.
 23999 | D:15     | 23999 ||| FLEEEEING.
 24000 | D:15     | 24000 ||| FLEEEEING.
 24006 | D:15     | 24006 ||| FLEEEEING.
 24007 | D:15     | 24007 ||| FLEEEEING.
 24008 | D:15     | 24008 ||| FLEEEEING.
 24014 | D:15     | 24014 ||| FLEEEEING.
 24015 | D:15     | 24015 ||| FLEEEEING.
 24016 | D:15     | 24016 ||| FLEEEEING.
 24024 | D:15     | 24024 ||| STAIRDANCE
 24248 | Orc:1    | Entered Level 1 of the Orcish Mines
 24257 | Orc:1    | Found Oniax's Antique Weapon Shoppe.
 24259 | Orc:1    | 24259 ||| INVOKING Heroism.
 24364 | Orc:1    | 24364 ||| Stepping ~*~*~tactically~*~*~ (hiding).
 24365 | Orc:1    | 24365 ||| Stepping ~*~*~tactically~*~*~ (stealth).
 24402 | Orc:2    | Entered Level 2 of the Orcish Mines
 24403 | Orc:2    | 24403 ||| INVOKING Heroism.
 24465 | Orc:2    | 24465 ||| INVOKING Heroism.
 24471 | Orc:2    | HP: 24/104 [orc high priest/+1 vorpal battleaxe (10)]
 24471 | Orc:2    | HP: 11/104 [orc priest/divine providence (10)]
 24472 | Orc:2    | 24472 ||| READING 8 scrolls of teleportation.
 24477 | Orc:2    | 24477 ||| READING 7 scrolls of teleportation.
 24534 | Orc:2    | 24534 ||| FLEEEEING.
 24543 | Orc:2    | 24543 ||| STAIRDANCE
 24716 | Orc:1    | 24716 ||| DROPPING +2 plate armour of poison resistance.
 24743 | Orc:2    | 24743 ||| Stepping ~*~*~tactically~*~*~ (stealth).
 24744 | Orc:2    | 24744 ||| Stepping ~*~*~tactically~*~*~ (stealth).
 24745 | Orc:2    | 24745 ||| Stepping ~*~*~tactically~*~*~ (stealth).
 24746 | Orc:2    | 24746 ||| INVOKING Heroism.
 24781 | Orc:2    | 24781 ||| Stepping ~*~*~tactically~*~*~ (stealth).
 24783 | Orc:2    | 24783 ||| Stepping ~*~*~tactically~*~*~ (hiding).
 24786 | Orc:2    | 24786 ||| INVOKING Heroism.
 24825 | Orc:2    | 24825 ||| Stepping ~*~*~tactically~*~*~ (stealth).
 24865 | Orc:2    | 24865 ||| FLEEEEING.
 24869 | Orc:2    | 24869 ||| FLEEEEING.
 24870 | Orc:2    | 24870 ||| FLEEEEING.
 24871 | Orc:2    | 24871 ||| FLEEEEING.
 24872 | Orc:2    | 24872 ||| FLEEEEING.
 24873 | Orc:2    | 24873 ||| INVOKING Heroism.
 24907 | Orc:2    | Received a gift from Okawaru
 24980 | Orc:2    | Found a frozen archway.
 24985 | Orc:2    | Found a staircase to the Elven Halls.
 25318 | Orc:2    | 25318 ||| INVOKING Heroism.
 25376 | Orc:2    | 25376 ||| INVOKING Heroism.
 25389 | Orc:2    | HP: 25/104 [orc high priest/divine providence (11)]
 25390 | Orc:2    | 25390 ||| READING 6 scrolls of teleportation.
 25391 | Orc:2    | HP: 12/104 [ufetubus[an orc high priest] (1)]
 25556 | Orc:2    | 25556 ||| INVOKING Heroism.
 25616 | Orc:2    | 25616 ||| FLEEEEING.
 25617 | Orc:2    | 25617 ||| FLEEEEING.
 25618 | Orc:2    | 25618 ||| FLEEEEING.
 25619 | Orc:2    | 25619 ||| STAIRDANCE
 25632 | Orc:1    | 25632 ||| Stepping ~*~*~tactically~*~*~ (stealth).
 25633 | Orc:1    | 25633 ||| Stepping ~*~*~tactically~*~*~ (stealth).
 25642 | Orc:2    | 25642 ||| Stepping ~*~*~tactically~*~*~ (hiding).
 25778 | Orc:2    | 25778 ||| INVOKING Heroism.
 25792 | Orc:2    | Identified the +1 chain mail of the Monkey {rElec rCorr
                  | Stlth-} (Okawaru gifted it to you on level 2 of the Orcish
                  | Mines)
 25792 | Orc:2    | Received a gift from Okawaru
 25806 | Orc:2    | 25806 ||| Stepping ~*~*~tactically~*~*~ (stealth).
 26014 | Orc:2    | Found Vuhiob's Distillery.
 26014 | Orc:2    | Found Nyucwog's Jewellery Emporium.
 26015 | Orc:2    | Found Laner's Jewellery Shoppe.
 26015 | Orc:2    | Found Usodinucs's Armour Emporium.
 26022 | Orc:2    | 26022 ||| BUYING potion of curing (39 gold).
 26022 | Orc:2    | Bought a potion of curing for 39 gold pieces
 26022 | Orc:2    | 26022 ||| BUYING potion of curing (39 gold).
 26022 | Orc:2    | Bought a potion of curing for 39 gold pieces
 26022 | Orc:2    | 26022 ||| BUYING potion of curing (39 gold).
 26022 | Orc:2    | Bought a potion of curing for 39 gold pieces
 26022 | Orc:2    | 26022 ||| BUYING potion of haste (130 gold).
 26022 | Orc:2    | Bought a potion of haste for 130 gold pieces
 26022 | Orc:2    | 26022 ||| BUYING potion of might (52 gold).
 26022 | Orc:2    | Bought a potion of might for 52 gold pieces
 26023 | Orc:2    | 26023 ||| BUYING ring of positive energy (280 gold).
 26023 | Orc:2    | Bought a ring of positive energy for 280 gold pieces
 26023 | Orc:2    | 26023 ||| BUYING ring of resist corrosion (280 gold).
 26023 | Orc:2    | Bought a ring of resist corrosion for 280 gold pieces
 26025 | Orc:2    | 26025 ||| BUYING +2 cloak of stealth (322 gold).
 26025 | Orc:2    | Bought a +2 cloak of stealth for 322 gold pieces
 26026 | Orc:2    | 26026 ||| BUYING +6 ring of dexterity (576 gold).
 26026 | Orc:2    | Bought a +6 ring of dexterity for 576 gold pieces
 26026 | Orc:2    | 26026 ||| SHOPLISTING ring "Jecivelo" {Will+ EV+4 Int+4}
                  | (912 gold, have 296).
 26026 | Orc:2    | 26026 ||| SHOPLISTING ring of ice (400 gold, have 296).
 26026 | Orc:2    | 26026 ||| SHOPLISTING ring of protection from cold (400
                  | gold, have 296).
 26031 | Orc:2    | 26031 ||| UPGRADING to +2 cloak of stealth.
 26041 | Orc:2    | 26041 ||| DROPPING +1 cloak.
 26042 | Orc:2    | 26042 ||| DROPPING ring of willpower.
 26043 | Orc:2    | 26043 ||| UPGRADING to ring of positive energy.
 26044 | Orc:2    | 26044 ||| UPGRADING to +6 ring of dexterity.
 26046 | Orc:2    | 26046 ||| DROPPING ring of positive energy.
 26147 | Orc:1    | 26147 ||| Stepping ~*~*~tactically~*~*~ (hiding).
 26151 | Orc:1    | 26151 ||| INVOKING Heroism.
 26155 | Orc:1    | 26155 ||| Stepping ~*~*~tactically~*~*~ (hiding).
 26156 | Orc:1    | 26156 ||| Stepping ~*~*~tactically~*~*~ (hiding).
 26157 | Orc:1    | 26157 ||| Stepping ~*~*~tactically~*~*~ (hiding).
 26385 | Orc:1    | 26385 ||| PLANNING SWAMP:1-3
 26628 | Swamp:1  | Entered Level 1 of the Swamp
 26633 | Swamp:1  | 26633 ||| INVOKING Heroism.
 26662 | Swamp:1  | 26662 ||| Stepping ~*~*~tactically~*~*~ (hiding).
 26796 | Swamp:1  | 26796 ||| Stepping ~*~*~tactically~*~*~ (hiding).
 26809 | Swamp:1  | 26809 ||| Stepping ~*~*~tactically~*~*~ (hiding).
 26960 | Swamp:1  | Identified the ring "Yzujux" {MP+9 Str-2 Int+4}
 26965 | Swamp:1  | 26965 ||| INVOKING Heroism.
 26966 | Swamp:1  | 26966 ||| INVOKING Finesse.
 26967 | Swamp:1  | 26967 ||| SWAPPING to +0 demon whip of draining.
 26974 | Swamp:1  | 26974 ||| SWAPPING to +1 vampiric war axe.
 27162 | Swamp:1  | 27162 ||| INVOKING Heroism.
 27249 | Swamp:1  | 27249 ||| READING scroll of enchant armour.
 27249 | Swamp:1  | 27249 ||| ENCHANTING +1 pair of gloves.
 27318 | Swamp:1  | 27318 ||| Stepping ~*~*~tactically~*~*~ (stealth).
 27443 | Swamp:1  | Noticed a fenstrider witch
 27444 | Swamp:1  | 27444 ||| INVOKING Heroism.
 27458 | Swamp:1  | Killed a fenstrider witch
 27587 | Swamp:1  | 27587 ||| DROPPING ring "Yzujux" {MP+9 Str-2 Int+4}.
 27649 | Swamp:2  | 27649 ||| INVOKING Heroism.
 27774 | Swamp:2  | 27774 ||| INVOKING Heroism.
 27778 | Swamp:2  | 27778 ||| FLEEEEING.
 27779 | Swamp:2  | 27779 ||| FLEEEEING.
 27780 | Swamp:2  | 27780 ||| FLEEEEING.
 27781 | Swamp:2  | 27781 ||| FLEEEEING.
 27782 | Swamp:2  | 27782 ||| FLEEEEING.
 27783 | Swamp:2  | 27783 ||| FLEEEEING.
 27784 | Swamp:2  | 27784 ||| FLEEEEING.
 27785 | Swamp:2  | 27785 ||| FLEEEEING.
 27786 | Swamp:2  | 27786 ||| FLEEEEING.
 27787 | Swamp:2  | 27787 ||| FLEEEEING.
 27788 | Swamp:2  | 27788 ||| SWAPPING to +0 demon whip of draining.
 27789 | Swamp:2  | 27789 ||| INVOKING Finesse.
 27797 | Swamp:2  | 27797 ||| SWAPPING to +1 vampiric war axe.
 28049 | Swamp:2  | Identified the +2 spear "Acarinebane" {holy, rElec rPois
                  | Will- SInv}
 28252 | Swamp:3  | 28252 ||| INVOKING Heroism.
 28309 | Swamp:3  | 28309 ||| Stepping ~*~*~tactically~*~*~ (stealth).
 28310 | Swamp:3  | 28310 ||| Stepping ~*~*~tactically~*~*~ (stealth).
 28333 | Swamp:3  | 28333 ||| Stepping ~*~*~tactically~*~*~ (stealth).
 28334 | Swamp:3  | 28334 ||| Stepping ~*~*~tactically~*~*~ (stealth).
 28363 | Swamp:3  | 28363 ||| INVOKING Heroism.
 28495 | Swamp:3  | 28495 ||| INVOKING Heroism.
 28678 | Swamp:3  | 28678 ||| Stepping ~*~*~tactically~*~*~ (hiding).
 28679 | Swamp:3  | 28679 ||| Stepping ~*~*~tactically~*~*~ (hiding).
 28824 | Swamp:3  | 28824 ||| Stepping ~*~*~tactically~*~*~ (hiding).
 28956 | Swamp:3  | Reached XP level 17. HP: 112/112 MP: 15/24
 28961 | Swamp:3  | 28961 ||| FLEEEEING.
 28962 | Swamp:3  | 28962 ||| INVOKING Heroism.
 28963 | Swamp:3  | 28963 ||| FLEEEEING.
 28964 | Swamp:3  | 28964 ||| FLEEEEING.
 28965 | Swamp:3  | 28965 ||| FLEEEEING.
 28966 | Swamp:3  | 28966 ||| FLEEEEING.
 28967 | Swamp:3  | 28967 ||| FLEEEEING.
 28970 | Swamp:3  | 28970 ||| FLEEEEING.
 29343 | Swamp:3  | 29343 ||| UPGRADING to +1 pair of gloves of strength.
 29353 | Swamp:3  | 29353 ||| DROPPING +2 pair of gloves.
 29387 | Swamp:2  | Noticed Louise
 29388 | Swamp:2  | 29388 ||| INVOKING Heroism.
 29411 | Swamp:2  | Killed Louise
 29529 | Swamp:2  | Received a gift from Okawaru
 29530 | Swamp:2  | Reached skill level 15 in Fighting
 29567 | Swamp:2  | 29567 ||| Stepping ~*~*~tactically~*~*~ (stealth).
 29678 | Swamp:2  | 29678 ||| INVOKING Heroism.
 29722 | Swamp:2  | 29722 ||| Stepping ~*~*~tactically~*~*~ (cloud).
 29749 | Swamp:2  | 29749 ||| Stepping ~*~*~tactically~*~*~ (stealth).
 29750 | Swamp:2  | 29750 ||| Stepping ~*~*~tactically~*~*~ (hiding).
 29752 | Swamp:2  | 29752 ||| INVOKING Heroism.
 29754 | Swamp:2  | 29754 ||| Stepping ~*~*~tactically~*~*~ (cloud).
 29764 | Swamp:2  | Received a gift from Okawaru
 29765 | Swamp:2  | 29765 ||| Stepping ~*~*~tactically~*~*~ (cloud).
 29789 | Swamp:2  | Reached skill level 6 in Dodging
 30051 | Swamp:2  | 30051 ||| Stepping ~*~*~tactically~*~*~ (hiding).
 30072 | Swamp:2  | 30072 ||| Stepping ~*~*~tactically~*~*~ (stealth).
 30078 | Swamp:2  | 30078 ||| INVOKING Heroism.
 30113 | Swamp:2  | 30113 ||| Stepping ~*~*~tactically~*~*~ (stealth).
 30130 | Swamp:2  | 30130 ||| INVOKING Heroism.
 30245 | Swamp:2  | 30245 ||| INVOKING Heroism.
 30596 | Swamp:2  | 30596 ||| INVOKING Heroism.
 30597 | Swamp:2  | 30597 ||| SWAPPING to +0 demon whip of draining.
 30603 | Swamp:2  | 30603 ||| SWAPPING to +1 vampiric war axe.
 30708 | Swamp:2  | 30708 ||| PLANNING SPIDER:1-3
 30708 | Swamp:2  | 30708 ||| UPGRADING to +0 tower shield.
 30718 | Swamp:2  | 30718 ||| DROPPING +1 pair of gloves.
 30719 | Swamp:2  | 30719 ||| DROPPING +1 kite shield of protection.
 30843 | Spider:1 | Entered Level 1 of the Spider Nest
 30881 | Spider:1 | 30881 ||| Stepping ~*~*~tactically~*~*~ (stealth).
 30912 | Spider:1 | 30912 ||| Stepping ~*~*~tactically~*~*~ (stealth).
 30967 | Spider:1 | 30967 ||| Stepping ~*~*~tactically~*~*~ (stealth).
 30970 | Spider:1 | 30970 ||| INVOKING Heroism.
 30971 | Spider:1 | 30971 ||| INVOKING Finesse.
 31037 | Spider:1 | 31037 ||| Stepping ~*~*~tactically~*~*~ (stealth).
 31039 | Spider:1 | 31039 ||| Stepping ~*~*~tactically~*~*~ (stealth).
 31042 | Spider:1 | 31042 ||| INVOKING Heroism.
 31061 | Spider:1 | Received a gift from Okawaru
 31113 | Spider:1 | 31113 ||| Stepping ~*~*~tactically~*~*~ (stealth).
 31115 | Spider:1 | 31115 ||| Stepping ~*~*~tactically~*~*~ (hiding).
 31252 | Spider:1 | Noticed Asterion
 31253 | Spider:1 | 31253 ||| INVOKING Heroism.
 31254 | Spider:1 | 31254 ||| INVOKING Finesse.
 31276 | Spider:1 | Killed Asterion
 31277 | Spider:1 | Reached skill level 15 in Shields
 31303 | Spider:1 | Noticed Donald
 31304 | Spider:1 | 31304 ||| Stepping ~*~*~tactically~*~*~ (stealth).
 31327 | Spider:1 | 31327 ||| Stepping ~*~*~tactically~*~*~ (stealth).
 31330 | Spider:1 | 31330 ||| INVOKING Heroism.
 31332 | Spider:1 | 31332 ||| INVOKING Finesse.
 31344 | Spider:1 | Killed Donald
 31394 | Spider:1 | 31394 ||| DROPPING +2 broad axe.
 31397 | Spider:1 | 31397 ||| Stepping ~*~*~tactically~*~*~ (stealth).
 31399 | Spider:1 | 31399 ||| Stepping ~*~*~tactically~*~*~ (stealth).
 31624 | Spider:1 | Noticed Jorgrun
 31625 | Spider:1 | 31625 ||| Stepping ~*~*~tactically~*~*~ (hiding).
 31627 | Spider:1 | 31627 ||| INVOKING Heroism.
 31651 | Spider:1 | HP: 3/113 [Jorgrun/iron shot (58)]
 31652 | Spider:1 | 31652 ||| READING 7 scrolls of teleportation.
 31652 | Spider:1 | Constricted to death by Jorgrun

Levels and vault maps discovered:
D:1:      dpeg_arrival_tiny_i, layout_rooms,
          shapermc_ecumenical_altar_starsandcircs
D:2:      layout_basic, basic_altar, uniq_crazy_yiuf_cottage, uniq_jessica
D:3:      layout_basic, cheibrodos_ashenzari_chains, serial_shops,
          nicolae_shop_behind_doors, minivault_24
D:4:      layout_loops_ring, chequers_temple_overflow_statue_of_worship,
          temple_hall
D:5:      layout_rooms, serial_curves, eino_curves_04, eino_curves_01,
          minmay_misc_feat_four_crosses, uniq_grinder
D:6:      minmay_general_purpose_star, layout_gridville, elyvilon_altar_5,
          lemuel_zombie_altar_kikubaaqudgha, uniq_menkaure
D:7:      layout_loops_ring, mainiacjoe_overflow_tiny_flanked,
          nicolae_ossuary_entry_ruins, uniq_prince_ribbit1
D:8:      layout_rooms, trog_hazing_becter, nicolae_fountain_basement
D:9:      minmay_flawed_box, layout_loops_ring,
          grunt_temple_overflow_champion_of_chaos, cheibrodos_worm_habitat,
          lair_entry_dummy, serial_shops, nicolae_diamond_shop,
          kennysheep_generic_room_16
D:10:     minmay_smoke_and_mirrors, layout_basic, serial_shops,
          nicolae_shop_hallway_stairs
D:11:     layout_loops_cross, david_orc_4
D:12:     layout_cave_pools, worms_lemuel
D:13:     wad_woods_structure_01, layout_layer_cave, uniq_urug
D:14:     layout_stronghold, lightli_vaults_fourway_checkpoint,
          good_gods_temple_1, serial_shops, nicolae_shop_behind_doors
D:15:     hangedman_depths_entry_try_elsewhere_first, layout_loops_ring,
          minmay_stone_trees_small, okawaru_altar_gauntlet_db
Temple:   hellmonk_temple_of_storms
Lair:1:   wander_river, layout_loops_ring, nicolae_lair_lindhole
Lair:2:   layout_misc_corridors, minmay_swamp_entry_wisps, grunt_megastairs_1
Lair:3:   layout_chaotic_city, nicolae_spider_entry_non_spiders,
          chequers_serial_rivers_room_b, patterned_corridor, uniq_nessos
Lair:4:   cheibrodos_lair_river_kwai, layout_loops_ring,
          minmay_lair_oklob_items, grunt_megastairs_3
Lair:5:   grunt_lair_end_beastmaster, layout_hall_layers,
          minmay_slime_entry_oklob_open
Swamp:1:  layout_basic_swamp, evilmike_swamp_ruin_house_1,
          nicolae_swamp_fairy_circle
Swamp:2:  nicolae_swamp_flooded_prison, layout_falls_marsh,
          hangedman_swamp_ruin_hall, uniq_louise
Swamp:3:  layout_basic_swamp, evilmike_swamp_ruin_house_6
Spider:1: layout_spider_delve, hellmonk_test_site, uniq_jorgrun, uniq_asterion,
          uniq_donald
Orc:1:    layout_diamond_mine, serial_shops, shop
Orc:2:    st_orc_pillars, layout_caves, portal_ice_cave_entry_pillars_2

Skill      XL: |  1  2  3  4  5  6  7  8  9 10 11 12 13 14 15 16 17 |
---------------+----------------------------------------------------+-----
Axes           | 2 3 4 5 6 7 9 10 11 12 14 16 | 16.0
Shields        | 4 5 6 7 8 9 10 12 13 14 15 | 15.2
Fighting       | 4 5 7 8 9 10 11 12 13 14 15 | 15.0
Dodging        | 1 2 3 4 5 6 |  6.0
Invocations    | 4 8 10 | 10.0
Armour         | 4 5 6 7 8 10 14 | 14.0
Throwing       | 2 6 7 |  7.0

Action                   |  1- 3 |  4- 6 |  7- 9 | 10-12 | 13-15 | 16-18 || total
-------------------------+-------+-------+-------+-------+-------+-------++-------
Melee: War axe           |    96 |   137 |   441 |   785 |  1589 |  1325 ||  4373
       Demon whip        |       |       |       |       |    78 |    22 ||   100
Throw: Boomerang         |       |       |       |       |    31 |    53 ||    84
       Javelin           |       |       |       |       |    32 |    41 ||    73
Invok: Heroism           |       |       |    20 |    24 |    48 |    39 ||   131
       Finesse           |       |       |       |     2 |    13 |     6 ||    21
  Use: Scroll            |     3 |     9 |     7 |     5 |     8 |     7 ||    39
       Potion            |     1 |     3 |     2 |     3 |     4 |       ||    13
Armor: Scale mail        |    39 |   138 |   159 |   303 |   709 |       ||  1348
       Plate armour      |       |       |       |       |    45 |   802 ||   847
Dodge: Dodged            |    42 |    57 |   101 |   245 |   477 |   381 ||  1303
Block: Buckler           |    10 |     1 |       |       |       |       ||    11
       Kite shield       |       |    70 |   291 |   639 |  1019 |   725 ||  2744
       Reflection        |       |       |     3 |     4 |     5 |       ||    12
       Tower shield      |       |       |       |       |       |   153 ||   153

Table legend:
 A = Non-vault XP
 B = Vault XP
 C = Vault XP percentage of total XP
 D = Non-vault monster count
 E = Vault monster count
 F = Vault count percentage of total count
                 A         B        C        D         E       F
            +---------+---------+-------+---------+---------+-------
      Total |  145668 |   72458 |  33.2 |     612 |     269 |  30.5
            +---------+---------+-------+---------+---------+-------
        D:1 |      29 |       0 |   0.0 |      18 |       0 |   0.0
        D:2 |      59 |      37 |  38.5 |      22 |       1 |   4.3
        D:3 |      14 |       0 |   0.0 |       9 |       0 |   0.0
        D:4 |     364 |       0 |   0.0 |      15 |       0 |   0.0
        D:5 |     568 |     272 |  32.4 |      18 |       1 |   5.3
        D:6 |     891 |     341 |  27.7 |      29 |       5 |  14.7
        D:7 |    1132 |     333 |  22.7 |      21 |       2 |   8.7
        D:8 |     294 |      13 |   4.2 |       4 |       7 |  63.6
        D:9 |    1326 |     796 |  37.5 |      16 |      13 |  44.8
       D:10 |    5488 |    4696 |  46.1 |      38 |       7 |  15.6
       D:11 |    3948 |     678 |  14.7 |      24 |      15 |  38.5
       D:12 |    6642 |     318 |   4.6 |      18 |       2 |  10.0
       D:13 |    9721 |    6637 |  40.6 |      21 |      11 |  34.4
       D:14 |   15505 |    8025 |  34.1 |      27 |      12 |  30.8
       D:15 |   17580 |    2127 |  10.8 |      37 |       9 |  19.6
     Lair:1 |    7896 |    1316 |  14.3 |      42 |       2 |   4.5
     Lair:2 |    7821 |    1131 |  12.6 |      36 |       3 |   7.7
     Lair:3 |    1614 |    1171 |  42.0 |       4 |       9 |  69.2
     Lair:4 |   10325 |    2938 |  22.2 |      33 |      13 |  28.3
     Lair:5 |    6142 |   11358 |  64.9 |      18 |      23 |  56.1
    Swamp:1 |    9912 |       0 |   0.0 |      20 |       0 |   0.0
    Swamp:2 |   15011 |   15249 |  50.4 |      27 |      25 |  48.1
    Swamp:3 |    9370 |       0 |   0.0 |      16 |       0 |   0.0
   Spider:1 |    9671 |    3832 |  28.4 |      30 |       3 |   9.1
      Orc:1 |    1626 |       0 |   0.0 |      22 |       0 |   0.0
      Orc:2 |    2719 |   10895 |  80.0 |      47 |      68 |  59.1
    Ossuary |       0 |     295 | 100.0 |       0 |      38 | 100.0
            +---------+---------+-------+---------+---------+-------
